 Dungeon Crawl Stone Soup version 0.31-a0-237-g2d982f9f85 (webtiles) character file.

Game seed: 13867812906661551446

23 qw the Shooter (level 3, -1/21 HPs)
             Began as a Gargoyle Hexslinger on July 10, 2023.
             Slain by a hobgoblin (3 damage)
             ... on level 2 of the Dungeon.
             The game lasted 00:00:08 (304 turns).

qw the Shooter (Gargoyle Hexslinger)                 Turns: 304, Time: 00:00:08

Health: -1/21      AC:  5    Str: 11    XL:     3   Next: 0%
Magic:  4/4        EV: 12    Int: 13    God:
Gold:   0          SH:  0    Dex: 14    Spells: 3/4 levels left

rFire   . . .        a - +1 sling
rCold   . . .        (no shield)
rNeg    + . .        c - +0 robe
rPois   inf          (no helmet)
rElec   +            (no cloak)
rCorr   .            (no gloves)
SInv    .            (no boots)
Will    .....        (no amulet)
Stlth   +            (no ring)
HPRegen 0.23/turn    (no ring)
MPRegen 0.09/turn

%: no passive effects
@: no status effects
A: sickness immunity, AC +3, negative energy resistance 1, electricity
resistance, torment resistance 1, petrification resistance
a: no special abilities


You were on level 2 of the Dungeon.
You visited 1 branch of the dungeon, and saw 2 of its levels.


Innate Abilities, Weirdness & Mutations

You are immune to sickness and miasma.
Your stone body is resilient. (AC +3)
You are immune to poison.
You resist negative energy. (rN+)
You are resistant to electric shocks. (rElec)
You are resistant to unholy torment.
You are immune to petrification.


   Skills:
 - Level 2.0 Fighting
 + Level 3.0 Ranged Weapons
 - Level 1.5 Dodging
 - Level 1.0 Spellcasting
 - Level 2.6 Hexes


You had 3 spell levels left.
You knew the following spells:

 Your Spells              Type           Power      Damage    Failure   Level
a - Slow                  Hex            28%        N/A       10%         1

Your spell library contained the following spells:

 Spells                   Type           Power      Damage    Failure   Level
 Inner Flame              Hex/Fire       4%         N/A       43%         3
 Portal Projectile        Hex/Tloc       8%         N/A       43%         3
 Cause Fear               Hex            3%         N/A       67%         4

Inventory:

Hand Weapons
 a - a +1 sling (weapon)
Armour
 c - a +0 robe (worn)
 e - a +2 leather armour of willpower
Jewellery
 g - an amulet of magic regeneration
Scrolls
 b - a scroll of poison
 d - a scroll of fog {unknown}
 f - a scroll of immolation {unknown}
 h - a scroll of vulnerability {unknown}
Potions
 i - a potion of lignification {unknown}

Dungeon Overview and Level Annotations

Branches:
Dungeon (1/15)

Altars:


Message History

The adder bites you. The hobgoblin hits you. The adder barely misses you.
You shoot a sling bullet. The sling bullet misses the adder.
The sling bullet barely misses the ball python.
The adder bites you. The hobgoblin barely misses you.
You shoot a sling bullet. The sling bullet hits the adder.
You kill the adder!
The hobgoblin hits you.
The hobgoblin hits you but does no damage.
You shoot a sling bullet.
The sling bullet closely misses the hobgoblin.
The adder bites you. The hobgoblin hits you.
You shoot a sling bullet. The sling bullet misses the adder.
The sling bullet closely misses the ball python.
The adder closely misses you. The hobgoblin barely misses you.
You shoot a sling bullet.
The sling bullet barely misses the adder.
The sling bullet hits the ball python.
You kill the ball python!
The adder barely misses you. The hobgoblin barely misses you.
The adder bites you.
Your Fighting skill increases to level 2!
You have reached level 3!
Your experience leads to an increase in your attributes!
Increase (S)trength, (I)ntelligence, or (D)exterity?
You feel agile. x2
You shoot a sling bullet. The sling bullet hits the adder.
The adder is heavily wounded.
The adder bites you. The hobgoblin hits you. The adder closely misses you.
The hobgoblin completely misses you.
You shoot a sling bullet.
The sling bullet closely misses the adder.
The adder closely misses you. The hobgoblin closely misses you.
The adder bites you but does no damage.
You shoot a sling bullet.
The sling bullet barely misses the adder.
The adder bites you but does no damage. The hobgoblin hits you.
You shoot a sling bullet.
The sling bullet closely misses the adder.
The adder bites you. The hobgoblin hits you.
You die...

...## ... ## # ...
+. #. ... .# ##
#.##.# #.# #
###...%# #.# #
#....gS###.# #
#.##@##..# #+# #
#........## #.# #
#.##......####.####
#
#..........##.....#
#
####......###...#.#
#
.....#............#
#
#######.#####...#.#
# ### #.....###
##.......


You could see an adder and a hobgoblin.

Vanquished Creatures
  An adder (D:2)
  A bat (D:1)
  An endoplasm (D:2)
  A giant cockroach (D:1)
  A goblin (D:1)
  2 hobgoblins (D:2)
  3 ball pythons (D:2)
  A frilled lizard (D:2)
  3 rats
14 creatures vanquished.

Notes
Turn   | Place    | Note
-------+----------+-------------------------------------------
     0 | D:1      | qw the Gargoyle Hexslinger began the quest for the Orb.
     0 | D:1      | Reached XP level 1. HP: 12/12 MP: 2/2
     0 | D:1      | 0 ||| qw: Version: 0.3-a-52-g30416fa
     0 | D:1      | 0 ||| qw: Game counter: 5142
     0 | D:1      | 0 ||| qw: Melee chars always use a shield: true
     0 | D:1      | 0 ||| qw: God list: Okawaru
     0 | D:1      | 0 ||| qw: Allow faded altars: false
     0 | D:1      | 0 ||| qw: Do Orc after clearing Dungeon:15 true
     0 | D:1      | 0 ||| qw: Do second Lair branch before Depths: true
     0 | D:1      | 0 ||| qw: Lair rune preference: random
     0 | D:1      | 0 ||| qw: Goals: Normal
     0 | D:1      | 0 ||| PLANNING D:1-11
   119 | D:1      | You fall into a shaft and drop 1 floor!
   154 | D:2      | Reached XP level 2. HP: 16/16 MP: 3/3
   285 | D:2      | Reached skill level 3 in Ranged Weapons
   301 | D:2      | Reached XP level 3. HP: 6/21 MP: 4/4
   301 | D:2      | HP: 5/21 [adder (1)]
   304 | D:2      | HP: 2/21 [adder (1)]
   304 | D:2      | Slain by a hobgoblin

Levels and vault maps discovered:
D:1:      psy_arrival_conway, layout_loops_ring, chequers_serial_rivers_small_a
D:2:      layout_loops_corners, serial_bayou_pond_b

Skill      XL: |  1  2 |
---------------+-------+-----
Ranged Weapons | 3 |  3.0
Fighting       | 2 |  2.0
Dodging        | |  1.5
Spellcasting   | |  1.0
Hexes          | |  2.6

Action                     || total
---------------------------++-------
   Fire: Sling             ||    36
 Armour: Robe              ||     4
  Dodge: Dodged            ||    15

Table legend:
 A = Non-vault XP
 B = Vault XP
 C = Vault XP percentage of total XP
 D = Non-vault monster count
 E = Vault monster count
 F = Vault count percentage of total count
                 A         B        C        D         E       F
            +---------+---------+-------+---------+---------+-------
      Total |      34 |       0 |   0.0 |      14 |       0 |   0.0
            +---------+---------+-------+---------+---------+-------
        D:1 |       8 |       0 |   0.0 |       5 |       0 |   0.0
        D:2 |      26 |       0 |   0.0 |       9 |       0 |   0.0
            +---------+---------+-------+---------+---------+-------
